 Dungeon Crawl Stone Soup version 0.29.1-15-g9cfb28693d (webtiles) character file.

Game seed: 6111442041276639367

12180 Ayazi56 the Ripper (level 11, -25/93 HPs)
             Began as a Felid Monk on Apr 11, 2023.
             Was a High Priest of Jiyva.
             Blown up by an orb spider (34 damage)
             ... with an orb of destruction
             ... on level 1 of the Spider Nest.
             The game lasted 00:57:01 (6349 turns).

Ayazi56 the Ripper (Felid Monk)                     Turns: 6349, Time: 00:57:02

Health: -25/93     AC: 25    Str: 15    XL:     11   Next: 59%
Magic:  12/12      EV:  4    Int:  9    God:    Jiyva [*****.]
Gold:   456        SH:  0    Dex: 32    Spells: 10/10 levels left
                                        Lives:  0   Deaths: 2

rFire   . . .      SeeInvis +     - Unarmed
rCold   . . .      Faith    .   (shield unavailable)
rNeg    + . .      Spirit   .   (body armour unavailable)
rPois   +          Reflect  .   (helmet unavailable)
rElec   .          Harm     .   (cloak unavailable)
rCorr   +          Rampage  .   (gloves unavailable)
Will    +....      NoTele   +   (boots unavailable)
Stlth   +++++++...              (no amulet)
HPRegen 1.69/turn               g - +6 ring of dexterity
MPRegen 0.58/turn               w - ring "Gotuetea" {*Slow rN+ Dex+2 SInv}

@: tree-form, calling ooze, studying Transmutations
A: stationary, stasis, torment immunity, boosted hp, very small, (claws 1),
(fangs 3), see invisible, (speed 1), (shaggy fur 2), (stealthy paws), no weapons
or thrown items, no armour, multi-lived, thin skeletal structure 1, robust 3,
strong 2, (engulf), noise suppression
a: Renounce Religion, Oozemancy, Slimify


You were on level 1 of the Spider Nest.
You worshipped Jiyva.
Jiyva was extremely pleased with you.
You were a tree.
You visited 4 branches of the dungeon, and saw 14 of its levels.
You also visited: Gauntlet.

You collected 456 gold pieces.

Inventory:

Jewellery
 e - a +6 ring of dexterity
 g - a +6 ring of dexterity (left branch)
 k - a ring of ice
 w - the ring "Gotuetea" (right branch) {*Slow rN+ Dex+2 SInv}
   (You took it off a minotaur in a Gauntlet)

   [ring of see invisible]

   Dex:       It affects your dexterity (+2).
   rN:        It protects you from negative energy.
   SInv:      It lets you see invisible.
   *Slow:     It may slow you when you take damage.
 x - a +6 ring of strength
 y - a ring of wizardry
Wands
 f - a wand of roots (9)
 h - a wand of flame (12)
 q - a wand of paralysis (9)
Scrolls
 c - a scroll of magic mapping
 j - 2 scrolls of butterflies
 n - a scroll of amnesia
 r - 2 scrolls of teleportation
 u - a scroll of vulnerability {unknown}
 v - 2 scrolls of fear
Potions
 a - a potion of ambrosia
 b - 7 potions of curing
 i - 2 potions of invisibility
 l - a potion of berserk rage
 m - a potion of might
 o - a potion of resistance
 p - a potion of haste
 t - 2 potions of flight


   Skills:
 + Level 6.1 Fighting
 + Level 13.3 Dodging
 + Level 12.7 Stealth
 + Level 16.2 Unarmed Combat
 + Level 2.1 Evocations


You had 10 spell levels left.
You didn't know any spells.
Your spell library contained the following spells:

 Spells                   Type           Power      Damage    Failure   Level
 Sandblast                Erth           0%         2d4       38%         1
 Passwall                 Tmut/Erth      0%         N/A       52%         2
 Dazzling Flash           Conj/Hex       0%         N/A       77%         3
 Ignite Poison            Fire/Tmut/Pois 0%         N/A       77%         3
 Spider Form              Tmut/Pois      0%         N/A       77%         3
 Stone Arrow              Conj/Erth      0%         3d7       77%         3
 Agony                    Necr           0%         N/A       100%        5
 Alistair's Intoxication  Tmut/Pois      0%         N/A       100%        5
 Silence                  Hex/Air        0%         N/A       100%        5
 Eringya's Noxious Bog    Tmut/Pois      0%         N/A       100%        6


Dungeon Overview and Level Annotations

Branches:
Dungeon (10/15)            Temple (1/1) D:5            Lair (2/5) D:10
 Spider (1/4) Lair:2      Gauntlet (visited)
  Swamp: Lair:2-3    Shoals: Lair:2-3       Orc: D:9-12

Altars:
Ashenzari
Cheibriados
Dithmenos
Elyvilon
Fedhas
Gozag
Hepliaklqana
Kikubaaqudgha
Makhleb
Nemelex Xobeh
Okawaru
Qazlal
Ru
Sif Muna
Trog
Uskayaw
Vehumet
Wu Jian
Xom
Yredelemnul
Zin
The Shining One
Jiyva


Innate Abilities, Weirdness & Mutations

You are a tree.
Your roots penetrate the ground, keeping you stationary.
You cannot be teleported.
You are immune to unholy pain and torment.
Your maximum health is greatly increased.
((You have sharp claws.))
((You have razor-sharp teeth.))
You have supernaturally acute eyesight. (SInv)
((You cover ground quickly. (Speed+)))
((You are covered in thick fur. (AC +2)))
((Your paws help you pounce on unaware monsters.))
You are incapable of wielding weapons or throwing items.
You cannot wear armour.
You gain extra lives every three experience levels.
You have a somewhat thin skeletal structure. (Dex +2, Stealth+)
You are extremely robust. (+30% HP)
Your muscles are very strong. (Str +8, Int/Dex -2)
((Your melee attacks may engulf your foes in ooze.))
You passively dampen the noise of your surroundings.


Message History

You cannot teleport because you are held in place by your roots.
You smack the wolf spider!
You kill the wolf spider!
You feel yourself speed up.
The walls burn the redback!
You kill the redback!
The walls burn the wolf spider!
The wolf spider hits you but does no damage.
The wolf spider bites you but does no damage.
Your acid blob oozes through a web.
The jumping spider leaps!
The walls burn the orb spider!
The orb spider pulsates with a strange energy.
The wall burns the jumping spider!
The jumping spider leaps!
The walls burn the wolf spider!
The wolf spider hits you but does no damage.
The wolf spider bites you but does no damage.
You pummel the wolf spider!!
You kill the wolf spider!
The walls burn the jumping spider!
The jumping spider leaps!
You cannot move.
You cannot move.
You cannot move.
You cannot move.
You cannot move.
You cannot move.
You cannot move.
Your quicksilver ooze oozes through a web.
The walls burn the orb spider!
The orb spider weaves a glowing orb of energy.
An orb of destruction comes into view.
The jumping spider leaps! x2; The walls burn the jumping spider!
The jumping spider leaps!
The walls burn the jumping spider!
The jumping spider pounces on your acid blob!
The jumping spider is burned by acid!
The jumping spider bites your acid blob!
The jumping spider is burned by acid!
Your acid blob hits the jumping spider!
The jumping spider is splashed with acid.
The jumping spider dies!
The orb of destruction hits you!!
You die...

## #####. #..##..# ##.#
°.... #....#†# #... .s.#
##..##.. ###..##s..# ##.###<
#...)....s# ###.#. .. #..#
### ###.#. #.#..######.#
#....# #....†°#†#J.#######
#.##.. #..[#..°s○☼♣J..#....#
######
#...#....#####.....†###...#.
##. #..#.# ##.s..#.#....##
......#°.. #....##.......
##...###.... #..#..#..##...
#### ###### ##############


You could see an orb spider (ally target), a jumping spider (ally target), a
friendly acid blob (summoned) and a friendly quicksilver ooze (summoned).

Vanquished Creatures
  A minotaur (Gauntlet)
  A hydra (Lair:1)
  A boulder beetle (Spider:1)
  2 two-headed ogres
  A necromancer (Gauntlet)
  4 wolf spiders (Spider:1)
  2 elephants (Lair:2)
  2 black mambas
  3 cane toads (Lair:1)
  A kobold demonologist (D:10)
  A komodo dragon (Lair:2)
  An ice devil (Gauntlet)
  A polar bear (D:10)
  A troll (D:10)
  3 tarantellas (Spider:1)
  Grinder (D:6)
  2 hornets (Gauntlet)
  Sigmund (D:2)
  2 centaur simulacra (D:10)
  A vampire (D:9)
  A culicivora (Spider:1)
  Eustachio (D:5)
  2 wyverns
  A basilisk (Lair:1)
  10 yaks
  A warg (D:10)
  4 redbacks (Spider:1)
  2 steam dragons
  Duvessa (D:5)
  4 water moccasins (Lair:1)
  An orc warrior (D:9)
  4 ice beasts
  2 sky beasts
  6 black bears
  11 wolves
  2 centaurs
  2 phantoms
  A kobold brigand (D:8)
  A bullfrog (Lair:2)
  2 scorpions (D:6)
  4 wights (D:6)
  10 killer bees
  Crazy Yiuf (D:5)
  9 orc priests
  5 hounds
  2 iguanas (D:4)
  A gnoll bouda (D:9)
  10 orc wizards
  11 gnolls
  4 adders
  2 shadow imps (Gauntlet)
  5 white imps
  An ufetubus (D:6)
  4 dart slugs
  31 orcs
  7 ball pythons
  3 bats
  A giant cockroach (D:3)
  3 goblins
  A hobgoblin (D:3)
  8 kobolds
  5 quokkas
  2 rats
221 creatures vanquished.

Vanquished Creatures (collateral kills)
  A wizard (Gauntlet)
  3 elephants (Lair:2)
  2 polar bears (D:10)
  A tarantella (Spider:1)
  3 jumping spiders (Spider:1)
  16 yaks
  A redback (Spider:1)
  2 wargs (D:10)
  A killer bee (D:9)
  An electric eel (D:10)
  2 orc priests (D:10)
  An orc wizard (D:10)
  3 orcs (D:10)
37 creatures vanquished.

Vanquished Creatures (others)
  2 glowing orange brains (Gauntlet)
  A sky beast (D:7)
  2 centaurs
  A howler monkey (D:7)
  15 jellies
  3 gnolls
  An adder (D:3)
  A worm (D:3)
  An orc (D:7)
  A ball python (D:2)
  3 endoplasms
  A giant cockroach (D:1)
  2 goblins (D:2)
  A hobgoblin (D:3)
  A quokka (D:3)
  A frilled lizard (D:1)
  5 rats
  4 fungi
  51 plants
  A withered plant (D:1)
98 creatures vanquished.

Grand Total: 356 creatures vanquished

Notes
Turn   | Place    | Note
-------+----------+-------------------------------------------
     0 | D:1      | Ayazi56 the Felid Monk began the quest for the Orb.
     0 | D:1      | Reached XP level 1. HP: 10/10 MP: 2/2
    82 | D:1      | Reached XP level 2. HP: 7/14 MP: 3/3
   184 | D:1      | Found a faded altar of an unknown god.
   195 | D:1      | Prayed at the altar of an unknown god.
   195 | D:1      | Became a worshipper of Jiyva Joguut the Shapeless
   195 | D:1      | Reached * piety under Jiyva
   195 | D:1      | Reached ** piety under Jiyva
   333 | D:2      | Reached *** piety under Jiyva
   496 | D:2      | Gained mutation: You are partially covered in large bone
                  | plates. (SH +4) [Jiyva's grace]
   496 | D:2      | Gained mutation: You are mostly covered in large bone
                  | plates. (SH +6) [Jiyva's grace]
   496 | D:2      | Gained mutation: You are completely covered in large bone
                  | plates. (SH +8) [Jiyva's grace]
   496 | D:2      | Gained mutation: You are covered in slimy tendrils that may
                  | disarm your opponents. [Jiyva's grace]
   650 | D:2      | Noticed Sigmund
   654 | D:2      | Reached XP level 3. HP: 17/17 MP: 1/4
   663 | D:2      | Killed Sigmund
   664 | D:2      | Reached skill level 5 in Dodging
   664 | D:2      | Reached skill level 4 in Unarmed Combat
   664 | D:2      | Reached XP level 4. HP: 22/22 MP: 5/5
   664 | D:2      | Reached XP level 5. HP: 25/25 MP: 6/6
   874 | D:3      | Lost mutation: You are completely covered in large bone
                  | plates. (SH +8) [potion of mutation]
   874 | D:3      | Lost mutation: You are covered in slimy tendrils that may
                  | disarm your opponents. [potion of mutation]
   874 | D:3      | Gained mutation: You are dopey. (Int -2) [potion of
                  | mutation]
   874 | D:3      | Gained mutation: You sometimes lose your temper in combat.
                  | [potion of mutation]
  1028 | D:3      | Reached **** piety under Jiyva
  1118 | D:3      | Gained mutation: You are covered in thick fur. (AC +2)
                  | [Felid growth]
  1118 | D:3      | Reached XP level 6. HP: 28/28 MP: 7/7
  1261 | D:3      | Identified the +10 morningstar of Distant Worlds {venom,
                  | +Blink rN+ rCorr Dex-5}
  1387 | D:4      | Reached skill level 5 in Unarmed Combat
  1922 | D:5      | Entered Level 5 of the Dungeon
  1933 | D:5      | Lost mutation: You sometimes lose your temper in combat.
                  | [Jiyva's grace]
  1933 | D:5      | Lost mutation: You are dopey. (Int -2) [Jiyva's grace]
  1933 | D:5      | Gained mutation: You have a pair of small horns on your
                  | head. [Jiyva's grace]
  1933 | D:5      | Gained mutation: You have a pair of horns on your head.
                  | [Jiyva's grace]
  1933 | D:5      | Gained mutation: You have a pair of large horns on your
                  | head. [Jiyva's grace]
  1933 | D:5      | Gained mutation: You are somewhat resistant to further
                  | mutation. [Jiyva's grace]
  2045 | D:5      | Found a runed translucent door.
  2046 | D:5      | Noticed Crazy Yiuf
  2048 | D:5      | Noticed Eustachio
  2054 | D:5      | Killed Crazy Yiuf
  2058 | D:5      | Killed Eustachio
  2059 | D:5      | Reached skill level 6 in Unarmed Combat
  2059 | D:5      | Reached XP level 7. HP: 12/33 MP: 8/8
  2114 | D:5      | Found a staircase to the Ecumenical Temple.
  2165 | D:5      | Noticed Duvessa
  2165 | D:5      | Noticed Dowan
  2169 | D:5      | Killed Duvessa
  2191 | D:5      | Slimified Dowan
  2191 | D:5      | Noticed Dowan
  2191 | D:5      | Dowan changed into Dowan the jelly
  2205 | D:5      | Reached skill level 7 in Unarmed Combat
  2352 | Temple   | Entered the Ecumenical Temple
  2611 | D:6      | Noticed Grinder
  2635 | D:6      | Reached skill level 5 in Stealth
  2635 | D:6      | Reached XP level 8. HP: 19/36 MP: 9/9
  2640 | D:6      | Killed Grinder
  2643 | D:6      | Reached skill level 8 in Unarmed Combat
  2827 | D:6      | Reached skill level 1 in Evocations
  2831 | D:6      | Noticed a two-headed ogre
  2843 | D:6      | Killed a two-headed ogre
  2844 | D:6      | Reached skill level 9 in Unarmed Combat
  2844 | D:6      | Reached XP level 9. HP: 32/40 MP: 10/10
  2867 | D:6      | Reached skill level 5 in Fighting
  2870 | D:6      | Reached skill level 10 in Unarmed Combat
  2926 | D:6      | Lost mutation: You are somewhat resistant to further
                  | mutation. [potion of mutation]
  2926 | D:6      | Lost mutation: You have a pair of large horns on your head.
                  | [potion of mutation]
  2926 | D:6      | Gained mutation: You are occasionally teleported next to
                  | monsters. [potion of mutation]
  2926 | D:6      | Gained mutation: Your flesh is cold resistant. (rC+)
                  | [potion of mutation]
  3214 | D:7      | Lost mutation: You have a pair of horns on your head.
                  | [Jiyva's grace]
  3214 | D:7      | Lost mutation: You are mostly covered in large bone plates.
                  | (SH +6) [Jiyva's grace]
  3214 | D:7      | Lost mutation: You are partially covered in large bone
                  | plates. (SH +4) [Jiyva's grace]
  3214 | D:7      | Lost mutation: Your flesh is cold resistant. (rC+) [Jiyva's
                  | grace]
  3214 | D:7      | Lost mutation: You are occasionally teleported next to
                  | monsters. [Jiyva's grace]
  3214 | D:7      | Gained mutation: You have a pair of horns on your head.
                  | [Jiyva's grace]
  3214 | D:7      | Gained mutation: You have a pair of large horns on your
                  | head. [Jiyva's grace]
  3214 | D:7      | Gained mutation: You have a somewhat thin skeletal
                  | structure. (Dex +2, Stealth+) [Jiyva's grace]
  3214 | D:7      | Gained mutation: You have a moderately thin skeletal
                  | structure. (Dex +4, Stealth++) [Jiyva's grace]
  3261 | D:7      | Found a shadowy altar of Dithmenos.
  3262 | D:7      | Found a sacrificial altar of Ru.
  3266 | D:7      | Found a white marble altar of Elyvilon.
  3266 | D:7      | Found an ancient bone altar of Kikubaaqudgha.
  3775 | D:8      | Reached ***** piety under Jiyva
  3861 | D:8      | Noticed a two-headed ogre
  3872 | D:8      | Killed a two-headed ogre
  3873 | D:8      | Reached skill level 11 in Unarmed Combat
  3873 | D:8      | Reached XP level 10. HP: 44/44 MP: 11/11
  4044 | D:9      | Reached skill level 10 in Dodging
  4200 | D:9      | Reached skill level 12 in Unarmed Combat
  4464 | D:10     | Entered Level 10 of the Dungeon
  4491 | D:10     | Reached skill level 13 in Unarmed Combat
  4511 | D:10     | Reached XP level 11. HP: 48/48 MP: 12/12
  4960 | D:10     | Found a staircase to the Lair.
  4974 | D:10     | Reached skill level 10 in Stealth
  4992 | Lair:1   | Entered Level 1 of the Lair of Beasts
  5031 | Lair:1   | Lost mutation: You have a pair of large horns on your head.
                  | [Jiyva's grace]
  5031 | Lair:1   | Gained mutation: You are robust. (+10% HP) [Jiyva's grace]
  5031 | Lair:1   | Gained mutation: You are very robust. (+20% HP) [Jiyva's
                  | grace]
  5031 | Lair:1   | Gained mutation: You are extremely robust. (+30% HP)
                  | [Jiyva's grace]
  5031 | Lair:1   | Gained mutation: You passively dampen the noise of your
                  | surroundings. [Jiyva's grace]
  5121 | Lair:1   | Reached skill level 14 in Unarmed Combat
  5373 | Lair:1   | Found a gate leading to a gauntlet.
  5386 | Gauntlet | Entered a Gauntlet
  5386 | Gauntlet | Noticed a necromancer
  5386 | Gauntlet | Found a transporter.
  5386 | Gauntlet | Found a transporter.
  5386 | Gauntlet | Found a transporter.
  5387 | Gauntlet | Found a transporter.
  5391 | Gauntlet | Found a transporter.
  5392 | Gauntlet | Noticed a white ugly thing
  5403 | Gauntlet | Found a transporter.
  5449 | Gauntlet | Killed a necromancer
  5464 | Gauntlet | Killed a glowing orange brain
  5471 | Gauntlet | Found a transporter.
  5489 | Gauntlet | Found a transporter.
  5507 | Gauntlet | Found a transporter.
  5520 | Gauntlet | Killed a glowing orange brain
  5541 | Gauntlet | Found a transporter.
  5551 | Gauntlet | Found a transporter.
  5555 | Gauntlet | Noticed a wizard
  5603 | Gauntlet | Killed a wizard
  5621 | Gauntlet | Found a transporter.
  5637 | Gauntlet | Identified the +0 ice dragon scales "Mipn" {-Cast rElec rF-
                  | rC++ rN+++ Int-4}
  5637 | Gauntlet | Identified the ring "Gotuetea" {*Slow rN+ Dex+2 SInv}
  5637 | Gauntlet | Noticed a minotaur
  5647 | Gauntlet | HP: 3/62 [minotaur/+2 broad axe of flaming (27)]
  5647 | Gauntlet | Mangled by a minotaur
  5648 | Gauntlet | Reached XP level 10. HP: -6/58 MP: 11/11
  5695 | Gauntlet | Demolished by a white ugly thing
  5696 | Gauntlet | Reached XP level 9. HP: -19/53 MP: 10/10
  5710 | Gauntlet | Killed a minotaur
  5711 | Gauntlet | Reached skill level 15 in Unarmed Combat
  5711 | Gauntlet | Reached XP level 10. HP: 58/58 MP: 9/11
  5726 | Gauntlet | Got the Precepts of Variation
  5798 | Lair:1   | Noticed a six-headed hydra
  5812 | Lair:1   | Killed a six-headed hydra
  5864 | Lair:1   | Noticed a cane toad
  5872 | Lair:1   | Killed a cane toad
  6009 | Lair:2   | Noticed a black mamba
  6022 | Lair:2   | Killed a black mamba
  6059 | Lair:2   | Lost mutation: You have a pair of horns on your head.
                  | [Jiyva's grace]
  6059 | Lair:2   | Lost mutation: You have a pair of small horns on your head.
                  | [Jiyva's grace]
  6059 | Lair:2   | Lost mutation: You have a moderately thin skeletal
                  | structure. (Dex +4, Stealth++) [Jiyva's grace]
  6059 | Lair:2   | Lost mutation: You are extremely robust. (+30% HP) [Jiyva's
                  | grace]
  6059 | Lair:2   | Gained mutation: Your melee attacks may engulf your foes in
                  | ooze. [Jiyva's grace]
  6059 | Lair:2   | Gained mutation: You are extremely robust. (+30% HP)
                  | [Jiyva's grace]
  6059 | Lair:2   | Gained mutation: Your muscles are strong. (Str +4, Int/Dex
                  | -1) [Jiyva's grace]
  6059 | Lair:2   | Gained mutation: Your muscles are very strong. (Str +8,
                  | Int/Dex -2) [Jiyva's grace]
  6115 | Lair:2   | Noticed an elephant
  6117 | Lair:2   | Noticed an elephant
  6122 | Lair:2   | Noticed an elephant
  6125 | Lair:2   | Noticed an elephant
  6131 | Lair:2   | Killed an elephant
  6138 | Lair:2   | Killed an elephant
  6138 | Lair:2   | Killed an elephant
  6144 | Lair:2   | Noticed an elephant
  6151 | Lair:2   | Killed an elephant
  6154 | Lair:2   | Killed an elephant
  6155 | Lair:2   | Reached XP level 11. HP: 44/62 MP: 12/12
  6156 | Lair:2   | Found a hole to the Spider Nest.
  6173 | Spider:1 | Entered Level 1 of the Spider Nest
  6219 | Spider:1 | Noticed a boulder beetle
  6239 | Spider:1 | Killed a boulder beetle
  6298 | Spider:1 | Noticed a wolf spider
  6312 | Spider:1 | Killed a wolf spider
  6313 | Spider:1 | Reached skill level 16 in Unarmed Combat
  6322 | Spider:1 | Noticed a wolf spider
  6324 | Spider:1 | Noticed a wolf spider
  6325 | Spider:1 | Noticed an orb spider
  6335 | Spider:1 | Noticed a wolf spider
  6343 | Spider:1 | Killed a wolf spider
  6344 | Spider:1 | HP: 1/93 [wolf spider (6)]
  6345 | Spider:1 | Killed a wolf spider
  6346 | Spider:1 | Killed a wolf spider
  6349 | Spider:1 | Blown up by an orb spider

Illustrated notes

Levels and vault maps discovered:
D:1:      saegor_arrival_fortress, layout_basic,
          ebering_ecumenical_altar_petrified, minmay_quantized
D:2:      layout_basic, minmay_misc_feat_tower, chequers_serial_rivers_micro_a,
          uniq_sigmund
D:3:      wad_woods_settlement, layout_basic
D:4:      layout_loops_corners
D:5:      layout_loops_ring, minmay_temple_entry_water_ring,
          roderic_malta_cross, saegor_snake_ambush, uniq_duvessa,
          uniq_crazy_yiuf_cottage, uniq_eustachio
D:6:      layout_cave_pools, grunt_potential, uniq_grinder
D:7:      layout_loops_ring, mainiacjoe_overflow_alcove_3, kennysheep_nub
D:8:      layout_cave_pools, hangedman_feature_mirror
D:9:      layout_loops_cross
D:10:     layout_gridville, erik_lair_orcish_takeover, serial_ice, serial_ice_m,
          serial_ice_l, serial_ice_f, serial_ice_d, serial_ice_e, serial_ice_b,
          serial_ice_o, serial_ice_a, serial_ice_g, serial_ice_n
Temple:   eino_narrow_crystal_temple
Lair:1:   layout_regular_city, gauntlet_entry_generic, beast_lair_carwin_2
Lair:2:   layout_layer_cave, spider_nest_entry_webs, basic_altar,
          lemuel_fruit_tree, uniq_amaemon
Spider:1: layout_spider_delve

Skill      XL: |  1  2  3  4  5  6  7  8  9 10 11 |
---------------+----------------------------------+-----
Fighting       | 4 5 6 |  6.1
Dodging        | 5 6 7 8 9 11 13 | 13.3
Stealth        | 3 4 5 7 11 12 | 12.7
Unarmed Combat | 4 6 7 9 15 13 16 | 16.2
Evocations     | 1 2 |  2.1

Action                   |  1- 3 |  4- 6 |  7- 9 | 10-12 || total
-------------------------+-------+-------+-------+-------++-------
Melee: Unarmed           |    38 |   114 |   146 |   387 ||   685
       Bite              |     3 |    17 |    20 |    57 ||    97
       Punch             |     1 |     3 |     9 |    47 ||    60
       Headbutt          |       |     1 |    30 |    83 ||   114
Invok: Oozemancy         |     1 |     1 |     3 |     4 ||     9
       Slimify           |       |     1 |     1 |       ||     2
Evoke: Wand              |       |     1 |     5 |     1 ||     7
  Use: Scroll            |     2 |     2 |     7 |     3 ||    14
       Potion            |       |     5 |     2 |     1 ||     8
 Stab: Sleeping          |       |     5 |     4 |    17 ||    26
       Distracted        |       |       |     3 |     8 ||    11
Armor: Skin              |     3 |     1 |     4 |    18 ||    26
Dodge: Dodged            |    41 |    60 |   186 |   595 ||   882
Block: Other             |     2 |    30 |    22 |       ||    54
